Map: Persephone LE

Players

Sindyr - Winner!

  • Race: Zerg Zerg
  • League: Master
  • Spawn Location: 7:00

Malikai

  • Race: Zerg Zerg
  • Spawn Location: 11:00

VOD

Have the link to the VOD?

Description

Time

  • Played on: Sept. 23, 2025, 3:33 p.m.
  • Length: 12:26
Show
View Real Time Build Order
Export as new Build Order

Sindyr Zerg - Winner!

Build Orders: Hatch First 

Get SALT Encoding   

  12  0:03  Drone  
  13  0:12  Overlord  
  13  0:20  Drone  
  14  0:32  Drone x2  
  16  0:48  Hatchery  
  15  0:53  Drone  
  15  0:54  Drone  
  17  1:01  Drone  
  18  1:04  Extractor  
  18  1:08  Drone  
  18  1:17  Spawning Pool  
  17  1:21  Drone  
  18  1:30  Drone  
  19  2:04  Queen x2  
  19  2:07  Overlord  
  23  2:13  Metabolic Boost  
  23  2:16  Drone x4  
  28  2:22  Drone  
  28  2:34  Drone x2  
  30  2:38  Drone  
  31  2:51  Drone  
  32  3:00  Drone  
  32  3:04  Hatchery, Queen  
  34  3:09  Overlord  
  34  3:26  Roach Warren  
  34  3:27  Zergling x6  
  34  3:28  Zergling x10  
  41  3:35  Extractor  
  41  3:36  Drone x2  
  42  3:46  Drone x2  
  44  3:49  Overlord x2  
  44  4:08  Drone  
  44  4:09  Drone x5  
  50  4:13  Extractor  
  50  4:16  Lair  
  49  4:20  Roach x2  
  53  4:37  Queen  
  55  4:44  Drone x9  
  64  4:53  Roach  
  61  5:12  Drone x3  
  64  5:16  Glial Reconstitution  
  64  5:39  Queen, Evolution Chamber  
  65  6:02  Overlord x6  
  65  6:03  Overlord  
  65  6:12  Zerg Missile Weapons Level 1  
  65  6:17  Infestation Pit  
  64  6:19  Evolution Chamber  
  64  6:22  Overseer x2  
  64  6:24  Pneumatized Carapace  
  63  6:34  Extractor  
  62  6:45  Extractor, Drone  
  62  6:46  Drone x6  
  62  6:47  Drone x9  
  78  7:01  Drone x4  
  81  7:11  Extractor  
  80  7:20  Zerg Ground Armor Level 1  
  80  7:33  Spine Crawler x2  
  80  7:34  Spine Crawler  
  77  7:38  Spine Crawler x2, Zergling x2, Roach  
  77  7:39  Roach x14, Zergling x2  
  97  8:09  Zerg Missile Weapons Level 2  
  97  8:11  Roach x11  
  118  8:40  Hive  
  118  8:42  Tunneling Claws  
  118  9:13  Hatchery  
  117  9:19  Zerg Ground Armor Level 2  
  117  9:53  Adrenal Glands  
  115  10:33  Hydralisk Den  
  114  10:47  Spore Crawler  
  114  10:48  Spore Crawler  
  114  10:49  Spore Crawler  
  109  10:50  Overlord x2  
  109  10:51  Overlord x6  
  109  10:52  Overlord  
  109  11:06  Hydralisk x6  
  109  11:08  Hydralisk x3  
  109  11:09  Hydralisk x27  
  109  11:10  Hydralisk x6  
Show
View Real Time Build Order
Export as new Build Order

Malikai Zerg 

Build Orders: Pool First 

Get SALT Encoding   

  12  0:01  Drone  
  13  0:13  Overlord  
  13  0:17  Drone  
  14  0:33  Drone x2  
  16  0:40  Drone  
  17  0:51  Extractor  
  17  0:52  Drone  
  17  1:02  Drone  
  18  1:10  Spawning Pool  
  17  1:22  Drone x2  
  19  1:29  Overlord  
  19  1:40  Extractor  
  19  1:44  Drone  
  19  1:57  Metabolic Boost  
  19  2:05  Queen  
  19  2:08  Zergling x4  
  23  2:30  Zergling x2  
  23  2:31  Zergling x2  
  25  2:38  Drone  
  26  2:56  Drone  
  27  3:07  Hatchery  
  26  3:28  Evolution Chamber  
  26  3:29  Drone  
  26  3:30  Drone, Zergling x6  
  30  3:39  Roach Warren  
  29  3:43  Zergling x2  
  30  3:50  Lair  
  30  3:55  Zerg Melee Weapons Level 1  
  30  4:14  Extractor  
  29  4:18  Drone  
  29  4:20  Roach x2  
  29  4:21  Roach  
  29  4:23  Overlord x2  
  36  4:43  Ravager  
  29  5:05  Zergling x6  
  32  5:09  Drone  
  32  5:10  Drone x2  
  32  5:14  Queen  
  37  5:24  Hydralisk Den  
  36  5:48  Zergling x6  
  36  5:49  Zerg Missile Weapons Level 1  
  39  5:51  Drone x3  
  39  5:54  Grooved Spines  
  42  6:03  Drone  
  43  6:18  Overlord  
  43  6:19  Drone x2  
  45  6:36  Zergling x4  
  47  6:43  Hydralisk  
  49  6:54  Spire  
  48  7:06  Overseer  
  48  7:27  Zergling x6  
  48  7:29  Zergling x2, Hydralisk, Roach  
  54  7:34  Zergling x6  
  59  7:43  Zerg Ground Armor Level 1  
  42  8:15  Zergling x4  
  42  8:16  Mutalisk x3, Zergling x2  
  51  8:27  Zergling x6  
  54  8:36  Mutalisk  
  56  8:49  Hydralisk  
  58  8:59  Roach  
  60  9:05  Overlord x2  
  60  9:12  Overlord x2  
  60  9:29  Overseer  
  60  9:41  Muscular Augments  
  60  9:46  Zerg Flyer Weapons Level 1  
  60  9:55  Zergling x2  
  60  9:56  Roach  
  60  9:57  Roach  
  60  9:59  Queen  
  67  10:01  Hydralisk  
  67  10:02  Mutalisk  
  67  10:03  Roach  
  67  10:04  Roach, Zergling x2  
  67  10:05  Drone  
  62  10:36  Mutalisk, Hydralisk  
  62  10:41  Ravager  
  67  10:46  Mutalisk x3  
  46  11:04  Mutalisk  
  34  11:30  Drone x2  
Tags
 
League
Master
Matchup
ZvZ
Race
Zerg
Replay Pack
Multiplayer
Spawn Locations
Close Positions
Add a new tag
Caveats
  • Supply blocks, unpowered buildings, or Contaminate may cause inaccurate times.
  • Supply counts are checked every 10 seconds.